[ AOE2 MATCH · #506261560 ]
UnrankedVietnamese vs Chinese
Player's team · LOSS
Rival team · WIN
[ REPLAY ANALYSIS · EXTRACTED FROM THE RECORDED GAME ]
Feudal
10:45
Castle
—
Imperial
—
| APM avg | 49.4 |
| APM peak | 74 |
| eAPM avg | 20.7 |
| Villagers / military | 37 / 20 |
Focus
⚔️ 33.5% · 🌾 66.5%
Archer ×11 · Skirmisher ×5 · Militia ×4
Feudal
9:18
Castle
—
Imperial
—
| APM avg | 60.3 |
| APM peak | 89 |
| eAPM avg | 23.5 |
| Villagers / military | 50 / 33 |
Focus
⚔️ 44.0% · 🌾 56.0%
Archer ×21 · Skirmisher ×9 · Militia ×3
Match map
Initial resources + every placement click. Lines = walls · curves = elevation contours. ◆ gold · ⬟ stone · ● berries · ✦ relic · ◌ wall gap
Your base· Open — unwalled flank
[CL] Al3jandr0.magn00's base· Open — unwalled flank
Smoothed initial terrain · ◌ = detected wall gap · hover for details
Inputs per minute
— PlvsVltra l Belisario - - [CL] Al3jandr0.magn00
Build order — PlvsVltra l Belisario
99 actions detected in the replay
| 0:04 | Build | House |
| 0:21 | Queue | Villager (Male) |
| 0:21 | Queue | Villager (Male) |
| 0:28 | Queue | Villager (Male) |
| 0:30 | Queue | Villager (Male) |
| 1:39 | Queue | Villager (Male) |
| 2:21 | Queue | Villager (Male) |
| 2:21 | Queue | Villager (Male) |
| 2:49 | Build | Lumber Camp |
| 2:54 | Queue | Villager (Male) |
| 3:01 | Queue | Villager (Male) |
| 3:01 | Queue | Villager (Male) |
| 3:22 | Build | House |
| 3:49 | Queue | Villager (Male) |
| 4:00 | Queue | Villager (Male) |
| 4:06 | Queue | Villager (Male) |
| 4:06 | Queue | Villager (Male) |
| 4:24 | Queue | Villager (Male) |
| 5:04 | Queue | Villager (Male) |
| 5:16 | Queue | Villager (Male) |
| 5:34 | Build | House |
| 5:37 | Queue | Villager (Male) |
| 5:42 | Queue | Villager (Male) |
| 5:50 | Build | Barracks |
| 6:22 | Build | House |
| 6:44 | Queue | Militia |
| 6:44 | Queue | Militia |
| 7:14 | Queue | Militia |
| 7:28 | Queue | Villager (Male) |
| 7:34 | Build | Mill |
| 7:39 | Queue | Villager (Male) |
| 8:35 | Research | Feudal Age |
| 9:29 | Build | Mining Camp |
| 9:31 | Queue | Villager (Male) |
| 9:35 | Queue | Militia |
| 9:45 | Build | House |
| 9:47 | Build | Palisade Wall |
| 10:04 | Build | House |
| 10:08 | Build | House |
| 10:13 | Build | House |
| 10:45 | Age | Feudal Age |
| 10:50 | Research | Man-at-Arms (upgrade) |
| 11:04 | Build | Archery Range |
| 11:17 | Queue | Villager (Male) |
| 11:23 | Build | Watch Tower |
| 11:41 | Queue | Villager (Male) |
| 11:46 | Queue | Archer |
| 11:47 | Queue | Archer |
| 12:38 | Queue | Villager (Male) |
| 12:44 | Queue | Archer |
| 12:49 | Build | Lumber Camp |
| 12:59 | Queue | Archer |
| 13:01 | Build | Farm |
| 13:10 | Build | House |
| 14:14 | Build | House |
| 14:41 | Queue | Skirmisher |
| 14:41 | Queue | Skirmisher |
| 14:56 | Queue | Skirmisher |
| 15:11 | Build | House |
| 15:18 | Build | Farm |
| 15:51 | Build | Farm |
| 16:27 | Queue | Archer |
| 16:28 | Queue | Archer |
| 17:02 | Queue | Villager (Male) |
| 17:04 | Queue | Skirmisher |
| 17:16 | Build | Farm |
| 17:26 | Queue | Skirmisher |
| 17:57 | Research | Loom |
| 17:59 | Build | Farm |
| 18:04 | Build | Palisade Wall |
| 18:07 | Build | Blacksmith |
| 18:14 | Queue | Villager (Male) |
| 18:19 | Build | Farm |
| 18:25 | Build | House |
| 18:38 | Queue | Villager (Male) |
| 18:42 | Build | Farm |
| 19:24 | Queue | Villager (Male) |
| 19:37 | Research | Padded Archer Armor |
| 19:51 | Queue | Archer |
| 19:51 | Queue | Archer |
| 20:01 | Queue | Villager (Male) |
| 20:02 | Queue | Archer |
| 20:02 | Queue | Archer |
| 20:09 | Research | Double-Bit Axe |
| 20:10 | Queue | Villager (Male) |
| 20:20 | Build | Palisade Wall |
| 20:25 | Build | Palisade Wall |
| 20:26 | Queue | Villager (Male) |
| 20:32 | Build | Farm |
| 20:42 | Queue | Archer |
| 21:07 | Build | Market |
| 21:10 | Queue | Villager (Male) |
| 21:17 | Queue | Villager (Male) |
| 21:44 | Queue | Villager (Male) |
| 22:04 | Queue | Villager (Male) |
| 22:06 | Build | Farm |
| 22:27 | Build | Farm |
| 22:32 | Queue | Villager (Male) |
| 22:37 | Build | Farm |
Build order — [CL] Al3jandr0.magn00
140 actions detected in the replay
| 0:06 | Research | Loom |
| 0:06 | Research | Loom |
| 0:50 | Queue | Villager (Male) |
| 0:50 | Queue | Villager (Male) |
| 1:15 | Queue | Villager (Male) |
| 1:15 | Queue | Villager (Male) |
| 1:39 | Queue | Villager (Male) |
| 1:58 | Queue | Villager (Male) |
| 2:23 | Build | Lumber Camp |
| 2:28 | Queue | Villager (Male) |
| 2:28 | Queue | Villager (Male) |
| 2:45 | Build | House |
| 2:50 | Queue | Villager (Male) |
| 2:51 | Queue | Villager (Male) |
| 3:21 | Queue | Villager (Male) |
| 3:44 | Queue | Villager (Male) |
| 3:44 | Queue | Villager (Male) |
| 4:12 | Queue | Villager (Male) |
| 4:32 | Queue | Villager (Male) |
| 4:34 | Queue | Villager (Male) |
| 5:02 | Queue | Villager (Male) |
| 5:40 | Build | Barracks |
| 6:12 | Queue | Villager (Male) |
| 6:33 | Build | Palisade Wall |
| 6:37 | Queue | Villager (Male) |
| 7:08 | Research | Feudal Age |
| 7:17 | Build | Mining Camp |
| 7:30 | Build | Palisade Wall |
| 7:34 | Build | Palisade Wall |
| 7:37 | Queue | Militia |
| 7:44 | Build | Mill |
| 7:56 | Queue | Militia |
| 8:19 | Queue | Militia |
| 8:23 | Build | House |
| 8:45 | Queue | Villager (Male) |
| 9:18 | Age | Feudal Age |
| 9:34 | Build | Archery Range |
| 9:37 | Build | House |
| 9:43 | Queue | Villager (Male) |
| 9:46 | Build | Farm |
| 10:01 | Queue | Villager (Male) |
| 10:04 | Build | Farm |
| 10:09 | Queue | Archer |
| 10:09 | Queue | Archer |
| 10:34 | Queue | Archer |
| 10:36 | Queue | Villager (Male) |
| 10:36 | Queue | Villager (Male) |
| 10:45 | Build | Farm |
| 10:45 | Build | Farm |
| 11:06 | Queue | Villager (Male) |
| 11:23 | Build | Farm |
| 11:35 | Queue | Villager (Male) |
| 11:48 | Build | Farm |
| 11:51 | Build | House |
| 11:54 | Build | Farm |
| 12:00 | Build | Palisade Wall |
| 12:01 | Build | Palisade Wall |
| 12:02 | Build | Palisade Wall |
| 12:12 | Queue | Villager (Male) |
| 12:14 | Queue | Archer |
| 12:15 | Queue | Archer |
| 12:18 | Build | House |
| 12:44 | Queue | Villager (Male) |
| 12:54 | Build | Farm |
| 13:05 | Queue | Archer |
| 13:11 | Build | Farm |
| 13:13 | Queue | Villager (Male) |
| 13:32 | Queue | Villager (Male) |
| 13:47 | Queue | Villager (Male) |
| 13:49 | Build | Blacksmith |
| 14:00 | Queue | Villager (Male) |
| 14:08 | Build | House |
| 14:14 | Queue | Skirmisher |
| 14:18 | Queue | Villager (Male) |
| 14:25 | Build | House |
| 14:25 | Build | House |
| 14:39 | Research | Fletching |
| 14:42 | Queue | Skirmisher |
| 14:42 | Queue | Skirmisher |
| 15:01 | Build | Farm |
| 15:10 | Queue | Villager (Male) |
| 15:20 | Queue | Archer |
| 15:20 | Queue | Archer |
| 15:27 | Queue | Villager (Male) |
| 15:30 | Build | Farm |
| 15:44 | Queue | Villager (Male) |
| 15:47 | Build | Farm |
| 15:48 | Queue | Villager (Male) |
| 15:51 | Queue | Archer |
| 15:56 | Research | Town Watch |
| 15:59 | Build | House |
| 16:14 | Queue | Villager (Male) |
| 16:17 | Build | Palisade Wall |
| 16:20 | Build | Palisade Wall |
| 16:24 | Queue | Villager (Male) |
| 16:29 | Build | Farm |
| 16:32 | Build | Farm |
| 17:12 | Queue | Villager (Male) |
| 17:13 | Queue | Villager (Male) |
| 17:14 | Build | Farm |
| 17:18 | Queue | Skirmisher |
| 17:18 | Queue | Skirmisher |
| 17:27 | Queue | Villager (Male) |
| 17:32 | Queue | Villager (Male) |
| 17:37 | Research | Double-Bit Axe |
| 17:44 | Queue | Archer |
| 17:55 | Queue | Archer |
| 18:02 | Queue | Villager (Male) |
| 18:05 | Build | Archery Range |
| 18:08 | Queue | Villager (Male) |
| 18:12 | Queue | Villager (Male) |
| 18:12 | Queue | Villager (Male) |
| 18:21 | Research | Padded Archer Armor |
| 18:22 | Research | Wheelbarrow |
| 18:29 | Queue | Archer |
| 18:29 | Queue | Archer |
| 18:34 | Build | Farm |
| 18:36 | Build | Palisade Wall |
| 18:54 | Queue | Archer |
| 18:54 | Queue | Archer |
| 19:03 | Queue | Skirmisher |
| 19:03 | Queue | Skirmisher |
| 19:55 | Queue | Skirmisher |
| 19:56 | Queue | Skirmisher |
| 19:57 | Queue | Villager (Male) |
| 20:10 | Queue | Villager (Male) |
| 20:15 | Build | Market |
| 20:33 | Queue | Archer |
| 20:34 | Queue | Archer |
| 20:45 | Queue | Villager (Male) |
| 20:47 | Build | House |
| 20:49 | Build | Palisade Wall |
| 20:56 | Build | Palisade Gate |
| 21:20 | Research | Castle Age |
| 21:20 | Research | Castle Age |
| 21:39 | Queue | Archer |
| 21:45 | Research | Gold Mining |
| 21:58 | Queue | Archer |
| 21:58 | Queue | Archer |
| 22:33 | Queue | Archer |
Match timeline
| 5:40 | [CL] Al3jandr0.magn00 · first_building Barracks |
| 5:50 | PlvsVltra l Belisario · first_building Barracks |
| 6:33 | [CL] Al3jandr0.magn00 · wall_segment Palisade Wall x9 |
| 7:30 | [CL] Al3jandr0.magn00 · wall_segment Palisade Wall x1 |
| 7:34 | [CL] Al3jandr0.magn00 · wall_segment Palisade Wall x3 |
| 9:18 | [CL] Al3jandr0.magn00 · age_up feudal |
| 9:34 | [CL] Al3jandr0.magn00 · first_building Archery Range |
| 9:47 | PlvsVltra l Belisario · wall_segment Palisade Wall x5 |
| 10:45 | PlvsVltra l Belisario · age_up feudal |
| 11:04 | PlvsVltra l Belisario · first_building Archery Range |
| 12:00 | [CL] Al3jandr0.magn00 · wall_segment Palisade Wall x1 |
| 12:01 | [CL] Al3jandr0.magn00 · wall_segment Palisade Wall x1 |
| 12:02 | [CL] Al3jandr0.magn00 · wall_segment Palisade Wall x1 |
| 16:17 | [CL] Al3jandr0.magn00 · wall_segment Palisade Wall x8 |
| 16:20 | [CL] Al3jandr0.magn00 · wall_segment Palisade Wall x5 |
| 18:04 | PlvsVltra l Belisario · wall_segment Palisade Wall x5 |
| 18:36 | [CL] Al3jandr0.magn00 · wall_segment Palisade Wall x4 |
| 20:20 | PlvsVltra l Belisario · wall_segment Palisade Wall x3 |
| 20:25 | PlvsVltra l Belisario · wall_segment Palisade Wall x1 |
| 20:49 | [CL] Al3jandr0.magn00 · wall_segment Palisade Wall x14 |
| 21:04 | [CL] Al3jandr0.magn00 · first_market_sell 100 wood |
| 21:08 | [CL] Al3jandr0.magn00 · first_market_buy 100 food |
| 22:58 | PlvsVltra l Belisario · resign |
[ AI ANALYSIS · 1 CREDIT ]
What really happened in this match?
Wolo.gg analyzes every decision: build order, eco, micro, common mistakes by bracket. Personalized analysis on WhatsApp or Discord in 30 seconds.
Civ guide
Vietnamese
Perfil
Jugador #1142235